 Dungeon Crawl Stone Soup version 0.27.1-34-g3ba077fa99 (webtiles) character file.

Game seed: 7620551899371346323

244 cbfl8 the Sneak (level 5, 0/47 HPs)
             Began as a Minotaur Delver on Jan 24, 2022.
             Slain by an orc (2 damage)
             ... on level 5 of the Dungeon.
             The game lasted 00:02:24 (1401 turns).

cbfl8 the Sneak (Minotaur Delver)                   Turns: 1401, Time: 00:02:25

Health: 0/47       AC:  3    Str: 18    XL:     5   Next: 83%
Magic:  4/4        EV: 12    Int:  7    God:
Gold:   25         SH:  0    Dex: 11    Spells: 4/4 levels left

rFire    . . .     SeeInvis .   a - +0 hand axe
rCold    . . .     Faith    .   (no shield)
rNeg     . . .     Spirit   .   b - +0 leather armour
rPois    .         Reflect  .   (helmet restricted)
rElec    .         Harm     .   (no cloak)
rCorr    .         Rampage  .   (no gloves)
Will     .....                  (no boots)
Stlth    ++........             (no amulet)
HPRegen  0.15/turn              (no ring)
MPRegen  0.09/turn              (no ring)

@: lethally poisoned (0 -> -10), silenced
A: horns 2, retaliatory headbutt
a: no special abilities


You were on level 5 of the Dungeon.
You visited 1 branch of the dungeon, and saw 2 of its levels.

You collected 25 gold pieces.

Inventory:

Hand Weapons
 a - a +0 hand axe (weapon)
Armour
 b - a +0 leather armour (worn)
Wands
 c - a wand of mindburst (8)
 g - a wand of digging (3)
 j - a wand of flame (15)
Scrolls
 d - a scroll of magic mapping
 i - a scroll of amnesia {unknown}
Potions
 f - a potion of haste
 h - a potion of heal wounds {unknown}


   Skills:
 + Level 4.7 Fighting
 + Level 3.4 Axes
 + Level 2.6 Armour
 + Level 2.7 Dodging
 + Level 5.4 Stealth


You had 4 spell levels left.
You didn't know any spells.
Your spell library was empty.

Dungeon Overview and Level Annotations

Branches:
Dungeon (5/15)
 Temple: D:4-7

Altars:
Okawaru

Annotations:
D:4 Edmund


Innate Abilities, Weirdness & Mutations

You have a pair of horns on your head.
You reflexively headbutt those who attack you in melee.


Message History

The orc closely misses you. The orc barely misses you. You furiously retaliate!
You headbutt the orc. The orc closely misses you.
The orc priest shouts!
The orc priest mumbles some strange prayers to Beogh against you.
Beogh smites you! The dart slug launches a dart at you.
The slug dart misses you.
You see here a +0 hand axe.
The orc barely misses you.
The orc shouts!
You hit the orc.
You kill the orc!
The dart slug launches a dart at you. The slug dart hits you.
Things that are here:
a +0 trident; a +0 hand axe; an orc corpse The orc priest hits you but does no damage.
You slash the orc priest! You headbutt the orc priest.
The orc priest is almost dead.
The orc priest mumbles some strange prayers to Beogh against you.
Pain shoots through your body!
* * * LOW HITPOINT WARNING * * *
You hit the orc priest.
You kill the orc priest!
You hit the dart slug. You hit the orc.
The orc hits you with a +2 dagger of venom.
* * * LOW HITPOINT WARNING * * *
You are lethally poisoned!
The dart slug closely misses you.
The orc hits you with a +2 dagger of venom.
* * * LOW HITPOINT WARNING * * *
As you read the scroll labelled UTASOILYIS, it crumbles to dust.
A profound silence engulfs you.
It was a scroll of silence.
* * * LOW HITPOINT WARNING * * *
You feel very sick. The dart slug launches a dart at you.
The slug dart misses you.
The orc hits you with a +2 dagger of venom.
You die...

#................#.## ..
...#####.##..##.###..#'#.
#.###..#.# #.##..##.# #......
.......#.# #.##..##.###......
#.#....#.###.................
.............................
..(....#.###.....#...........
#....).....w.)...#..#..##....
#..........)@)...............
...........o####.........)...
.......###### ##.###....>..#
......# #............ ......
####..(...... .....#
##........ ....# #........
#..# #........ #.(..(...


You could see a dart slug and an orc.

Vanquished Creatures
  A necrophage (D:5)
  A water moccasin skeleton (D:4)
  2 orc priests (D:5)
  A hound (D:5)
  An adder (D:5)
  2 orcs (D:5)
  A goblin (D:4)
  A hobgoblin (D:4)
10 creatures vanquished.

Notes
Turn   | Place    | Note
-------+----------+-------------------------------------------
     0 | D:5      | cbfl8 the Minotaur Delver began the quest for the Orb.
     0 | D:5      | Reached XP level 1. HP: 19/19 MP: 0/0
     6 | D:5      | Found an iron altar of Okawaru.
   168 | D:4      | Noticed Edmund
   340 | D:4      | Noticed an orc wizard
   346 | D:4      | Reached XP level 2. HP: 2/27 MP: 1/1
   346 | D:4      | Reached XP level 3. HP: 3/33 MP: 2/2
   570 | D:5      | Reached skill level 5 in Stealth
   762 | D:5      | Reached XP level 4. HP: 19/40 MP: 3/3
   930 | D:5      | Noticed a necrophage
   950 | D:5      | Killed a necrophage
   951 | D:5      | Reached XP level 5. HP: 2/47 MP: 4/4
  1401 | D:5      | HP: 2/47 [poisoned by an orc]
  1401 | D:5      | Slain by an orc

Illustrated notes

Levels and vault maps discovered:
D:4:      layout_rooms, minmay_temple_entry_offerings, serial_forest,
          infiniplex_forest_straight_4, infiniplex_forest_corner_1,
          infiniplex_forest_clump_C, infiniplex_forest_straight_2,
          infiniplex_forest_diagonal, infiniplex_forest_lined_ring,
          infiniplex_forest_clump_diagonal, infiniplex_forest_side_room,
          infiniplex_forest_lined_room_2, chequers_serial_rivers_micro_b,
          uniq_edmund
D:5:      minmay_bubble_buster, layout_basic, nzn_hepliaklqana_mist_gate,
          okawaru_metal_pillars_3, uniq_blork_the_orc

Skill      XL: |  1  2  3  4 |
---------------+-------------+-----
Fighting       | 4 |  4.7
Stealth        | 5 |  5.4
Axes           | 3 |  3.4
Armour         | 2 |  2.6
Dodging        | |  2.7

Action                   |  1- 3 |  4- 6 || total
-------------------------+-------+-------++-------
Melee: Hand axe          |    26 |    24 ||    50
       Headbutt          |     3 |     5 ||     8
  Use: Scroll            |     2 |     1 ||     3
Armor: Leather armour    |    10 |     1 ||    11
Dodge: Dodged            |    20 |    21 ||    41
